 Dungeon Crawl Stone Soup version 0.26-a0-215-g1b87330c0f (webtiles) character file.

Game seed: 13741887646096379844

71 BritishOli the Slasher (level 4, 0/34 HPs)
             Began as a Demonspawn Gladiator on July 6, 2020.
             Killed from afar by Natasha (3 damage)
             ... with a magic dart
             ... on level 2 of the Dungeon.
             The game lasted 00:02:17 (1547 turns).

BritishOli the Slasher (Demonspawn Gladiator)       Turns: 1547, Time: 00:02:18

Health: 0/34       AC:  6    Str: 15    XL:     4   Next: 5%
Magic:  4/4        EV: 13    Int: 10    God:
Gold:   106        SH:  0    Dex: 14    Spells: 3/3 levels left

rFire    . . .     SeeInvis .   a - +0 long sword
rCold    . . .     Faith    .   (no shield)
rNeg     . . .     Spirit   .   b - +0 leather armour
rPois    +         Reflect  .   c - +0 helmet
rElec    .         Harm     .   (no cloak)
rCorr    .                      (no gloves)
MR       .....                  (no boots)
Stlth    +.........             (no amulet)
HPRegen  0.11/turn              e - ring of poison resistance
MPRegen  0.09/turn              i - ring of flight

@: no status effects
A: slimy green scales 1
a: Evoke Flight


You were on level 2 of the Dungeon.
You were not hungry.

You visited 1 branch of the dungeon, and saw 2 of its levels.

You collected 106 gold pieces.

Inventory:

Hand Weapons
 a - a +0 long sword (weapon)
Missiles
 d - 3 throwing nets (quivered)
Armour
 b - a +0 leather armour (worn)
 c - a +0 helmet (worn)
Jewellery
 e - a ring of poison resistance (left hand)
 i - a ring of flight (right hand)
Scrolls
 k - a scroll of teleportation {unknown}
 l - a scroll of remove curse {unknown}
 n - a scroll of fear {unknown}
 o - 3 scrolls of identify {unknown}
Potions
 f - a potion of heal wounds {unknown}
 g - a potion of might {unknown}
 h - a potion of haste {unknown}
 j - a potion of brilliance {unknown}
 m - a potion of mutation {unknown}
Comestibles
 p - a ration


   Skills:
 + Level 2.7 Fighting
 + Level 3.2 Long Blades
 - Level 2.0 Throwing
 + Level 1.2 Armour
 + Level 3.2 Dodging


You had 3 spell levels left.
You didn't know any spells.
Your spell library was empty.

Dungeon Overview and Level Annotations

Branches:
Dungeon (2/15)

Altars:

Annotations:
D:2 Natasha


Innate Abilities, Weirdness & Mutations

You are partially covered in slimy green scales. (AC +2)


Message History

Natasha is moderately wounded.
The white imp barely misses you.
You riposte.
You hit the white imp.
The white imp is moderately wounded.
The goblin hits you but does no damage. Natasha closely misses you.
You closely miss Natasha.
Natasha is moderately wounded.
The white imp hits you but does no damage.
Natasha closely misses you. The goblin hits you with a +0 dagger.
You hit Natasha.
Natasha is moderately wounded.
The white imp gestures at you. The puff of frost hits you!
* * * LOW HITPOINT WARNING * * *
Natasha completely misses you. The goblin barely misses you.
The white imp completely misses you.
You hit Natasha.
Natasha is heavily wounded.
Natasha casts a spell at you. The magic dart hits you.
You die...

.#...†..........##.....).........
.###.......#.....................
.........................†.......
#.##............................#
# #....##.....................##
...#.....#..........####.......
..###[....##...##...............
#. #.....#.....%......###...... #
#.....#....@..###..>. ......
......h5g.# ###.#......
..........# .# #### ..........#
#.........# ..........#
##.#../#### ......


You could see Natasha, a white imp (summoned) and a goblin.

Vanquished Creatures
  3 adders (D:2)
  An ooze (D:2)
  A dart slug (D:1)
  2 leopard geckos
  A giant cockroach (D:2)
  A goblin (D:2)
  4 hobgoblins
  2 jackals (D:1)
  2 quokkas (D:2)
  5 bats
  6 frilled lizards
  5 kobolds
  5 rats
38 creatures vanquished.

Notes
Turn   | Place    | Note
-------+----------+-------------------------------------------
     0 | D:1      | BritishOli the Demonspawn Gladiator began the quest for the
                  | Orb.
     0 | D:1      | Reached XP level 1. HP: 16/16 MP: 1/1
   329 | D:1      | Gained mutation: You are partially covered in slimy green
                  | scales. (AC +2) [demonic ancestry]
   329 | D:1      | Reached XP level 2. HP: 12/22 MP: 2/2
  1085 | D:2      | Reached XP level 3. HP: 25/28 MP: 3/3
  1151 | D:2      | Reached skill level 1 in Armour
  1480 | D:2      | Reached XP level 4. HP: 29/34 MP: 4/4
  1537 | D:2      | Noticed Natasha
  1547 | D:2      | Killed from afar by Natasha

Illustrated notes

Levels and vault maps discovered:
D:1:      evilmike_arrival_crescent, layout_rooms
D:2:      layout_rooms, uniq_natasha

Skill      XL: |  1  2  3 |
---------------+----------+-----
Throwing       | 2 |  2.0
Long Blades    | 3 |  3.2
Dodging        | 3 |  3.2
Armour         | 1 |  1.2
Fighting       | |  2.7

Action                   |  1- 3 |  4- 6 || total
-------------------------+-------+-------++-------
Melee: Long sword        |   107 |     9 ||   116
  Eat: Ration            |     1 |       ||     1
Armor: Leather armour    |    40 |     3 ||    43
Dodge: Dodged            |    99 |    12 ||   111
       Rpst.: Long sword |    35 |     3 ||    38

Table legend:
 A = Non-vault XP
 B = Vault XP
 C = Vault XP percentage of total XP
 D = Non-vault monster count
 E = Vault monster count
 F = Vault count percentage of total count
                 A         B        C        D         E       F
            +---------+---------+-------+---------+---------+-------
      Total |     102 |       0 |   0.0 |      38 |       0 |   0.0
            +---------+---------+-------+---------+---------+-------
        D:1 |      32 |       0 |   0.0 |      19 |       0 |   0.0
        D:2 |      70 |       0 |   0.0 |      19 |       0 |   0.0
            +---------+---------+-------+---------+---------+-------
